 Dungeon Crawl Stone Soup version 0.17.1-2-g5865329 (webtiles) character file.

5906 Lonerover the Fighter (level 10, -4/97 HPs)
             Began as a Minotaur Fighter on Feb 5, 2016.
             Was a Believer of Qazlal.
             Slain by a troll (9 damage)
             ... on level 9 of the Dungeon.
             The game lasted 00:22:36 (7295 turns).

Lonerover the Fighter (Minotaur Fighter)            Turns: 7295, Time: 00:22:37

Health: -4/97      AC: 22    Str: 23    XL:     10   Next: 53%
Magic:  10/10      EV:  7    Int:  5    God:    Qazlal [**....]
Gold:   483        SH:  3    Dex: 11    Spells: 0 memorised, 9 levels left

rFire  . . .     SeeInvis .     F - +3 battleaxe
rCold  . . .     Clarity  .     g - +0 plate armour
rNeg   + . .     SustAt   .     (shield currently unavailable)
rPois  .         Gourm    .     (helmet restricted)
rElec  .         Spirit   .     (no cloak)
rCorr  .         Warding  +     o - +2 pair of gloves
rMut   .         Stasis   .     l - +0 pair of boots
MR     .....                    b - amulet of warding
Stlth  ..........               (no ring)
                                N - +4 ring of protection

@: not resistant to hostile enchantments, extremely unstealthy
A: retaliatory headbutt, horns 2
a: Upheaval, Renounce Religion


You were on level 9 of the Dungeon.
You worshipped Qazlal.
Qazlal was pleased with you.
You were very hungry.

You visited 2 branches of the dungeon, and saw 10 of its levels.

You collected 483 gold pieces.

Inventory:

Hand Weapons
 a - a +1 war axe
 F - a +3 battleaxe (weapon)
Armour
 c - a +0 shield
 g - a +0 plate armour (worn)
 h - a +0 pair of gloves
 l - a +0 pair of boots (worn)
 m - a +0 chain mail
 o - a +2 pair of gloves (worn)
 r - the +1 robe of Anoom {+Fly rN+ Stlth+}
   (You found it on level 7 of the Dungeon)

   It protects you from negative energy.
   It lets you fly.
   It makes you more stealthy.
Jewellery
 b - an amulet of warding (around neck)
 q - an uncursed amulet of guardian spirit
 N - a +4 ring of protection (left hand)
Wands
 s - a wand of magic darts (26)
 u - a wand of random effects (16)
 v - a wand of frost (3)
 w - a wand of flame (20)
 K - a wand of fire (13)
 L - a wand of disintegration (9)
Scrolls
 p - a scroll of teleportation
 x - a scroll of amnesia {unknown}
 y - 2 scrolls of enchant weapon
 E - a scroll of summoning {unknown}
 G - a scroll of magic mapping {unknown}
 J - 3 scrolls of identify
Potions
 d - 2 potions of might
 f - 2 potions of brilliance
 j - 2 potions of curing
 t - a potion of haste
 z - a potion of degeneration
 A - a potion of agility {unknown}
 B - 2 potions of lignification {unknown}
 C - a potion of flight {unknown}
 D - 2 potions of berserk rage {unknown}
 I - a potion of heal wounds {unknown}
Books
 H - a book of Geomancy

   Spells                             Type                      Level
   a - Sandblast                      Earth                        1
   b - Stoneskin                      Transmutation/Earth          2
   c - Passwall                       Transmutation/Earth          3
   d - Stone Arrow                    Conjuration/Earth            3
   e - Petrify                        Transmutation/Earth          4
   f - Lee's Rapid Deconstruction     Earth                        5
Comestibles
 e - 6 bread rations
 i - 2 meat rations
 k - 2 beef jerkies
 n - 4 fruits
 M - a slice of pizza


   Skills:
 * Level 11.7 Fighting
 * Level 11.2 Axes
 + Level 8.8 Armour
 - Level 7.0 Shields
 + Level 2.2 Invocations


You had 9 spell levels left.
You didn't know any spells.

Dungeon Overview and Level Annotations

Branches:
Dungeon (9/15)             Temple (1/1) D:6
   Lair: D:8-11         Orc: D:9-12

Altars:
Ashenzari
Cheibriados
Dithmenos
Elyvilon
Fedhas
Gozag
Kikubaaqudgha
Makhleb
Nemelex Xobeh
Okawaru
Qazlal
Ru
Sif Muna
Trog
Vehumet
Xom
Yredelemnul
Zin
The Shining One

Annotations:
D:9 1 runed door


Innate Abilities, Weirdness & Mutations

You reflexively headbutt those who attack you in melee.
You have a pair of horns on your head.


Message History

You closely miss the troll.
You headbutt the troll, but do no damage.
The troll is moderately wounded.
The troll bites you!
* * * LOW HITPOINT WARNING * * *
The troll claws you.
* * * LOW HITPOINT WARNING * * *
The troll barely misses you. The troll bites you but does no damage.
The troll claws you.
* * * LOW HITPOINT WARNING * * *
The troll claws you but does no damage.
Zapping:
v - a wand of frost {zapped: 2} (will waste charges)
Press: ? - help, Shift-Dir - straight line, f - troll
Aim: a troll (moderately wounded)
The puff of frost hits the troll.
The troll is moderately wounded.
Evoking this partially-identified wand wasted a few charges.
You block the troll's attack. The troll claws you but does no damage.
The troll claws you!
You die...

.........))..<....######
.........).............######
.>............................
###...........................
#...........................
#...........................
#...........................
≈≈≈≈≈≈≈≈≈≈≈≈≈≈≈§≈≈≈≈≈≈≈≈≈≈...
≈≈≈≈≈≈≈≈≈≈≈####≈@≈≈≈≈≈≈≈≈≈≈≈≈≈
≈≈≈≈≈≈≈≈≈≈≈#..#≈T≈####≈≈≈≈≈≈≈
≈≈≈≈≈≈≈≈≈#..†...+ ≈≈≈≈≈≈≈
≈≈≈≈≈≈≈≈≈####≈.≈# ≈≈≈≈≈≈≈
≈≈≈≈≈≈≈≈≈≈ ≈≈≈.≈# ≈≈≈≈≈≈≈
#..≈≈≈≈≈≈≈≈≈≈≈.≈≈≈ ≈≈≈≈≈≈≈
............ ...........$..
.............?


You could see a troll.

Vanquished Creatures
  A centaur warrior (D:8)
  Pikel (D:4)
  4 trolls (D:9)
  Prince Ribbit (D:8)
  Sigmund (D:4)
  A wyvern (D:8)
  Menkaure (D:7)
  2 black bears
  2 orc warriors
  An ice beast (D:7)
  3 ogres
  3 phantoms
  A centaur (D:8)
  A big kobold (D:8)
  5 giant frogs
  A scorpion (D:8)
  6 killer bees (D:8)
  5 wights (D:7)
  2 electric eels (D:9)
  A giant frog zombie (D:6)
  2 jellies
  5 hounds
  2 orc priests
  2 centaur skeletons
  8 orc wizards
  A giant frog skeleton (D:5)
  6 worker ants
  4 iguanas
  A killer bee zombie (D:6)
  A hound zombie (D:6)
  11 adders
  3 gnolls (D:5)
  3 river rats (D:5)
  A shadow imp (D:6)
  3 oozes
  An adder zombie (D:8)
  A worm (D:3)
  An adder skeleton (D:9)
  3 giant geckos
  34 orcs
  13 goblins
  6 hobgoblins
  2 jackals (D:1)
  A ball python (D:3)
  12 bats
  3 giant cockroaches
  5 giant newts
  9 kobolds
  3 quokkas
  2 quokka skeletons
  6 rats
198 creatures vanquished.

Notes
Turn   | Place    | Note
--------------------------------------------------------------
     0 | D:1      | Lonerover the Minotaur Fighter began the quest for the Orb.
     0 | D:1      | Reached XP level 1. HP: 19/19 MP: 0/0
   126 | D:1      | Reached XP level 2. HP: 24/27 MP: 1/1
   170 | D:1      | Reached skill level 4 in Fighting
   733 | D:2      | Reached XP level 3. HP: 33/33 MP: 2/2
  1397 | D:2      | Reached XP level 4. HP: 38/40 MP: 3/3
  1676 | D:3      | Found a sacrificial altar of Ru.
  2138 | D:4      | Noticed an ogre
  2149 | D:4      | Killed an ogre
  2149 | D:4      | Reached skill level 5 in Fighting
  2149 | D:4      | Reached XP level 5. HP: 29/48 MP: 4/4
  2505 | D:4      | Reached XP level 6. HP: 56/56 MP: 5/5
  2574 | D:4      | Noticed Sigmund
  2580 | D:4      | Killed Sigmund
  2580 | D:4      | Reached skill level 5 in Axes
  2580 | D:4      | Reached skill level 5 in Armour
  2642 | D:4      | Reached skill level 6 in Fighting
  2655 | D:4      | Noticed a slave
  2655 | D:4      | Noticed a slave
  2655 | D:4      | Noticed a slave
  2656 | D:4      | Noticed Pikel
  2663 | D:4      | Noticed a slave
  2680 | D:4      | Killed Pikel
  2680 | D:4      | Reached skill level 7 in Fighting
  2680 | D:4      | Reached skill level 5 in Shields
  2680 | D:4      | Reached XP level 7. HP: 45/66 MP: 6/6
  3084 | D:5      | Entered Level 5 of the Dungeon
  3086 | D:5      | Found a radiant altar of Vehumet.
  3219 | D:5      | Reached XP level 8. HP: 73/73 MP: 7/7
  3886 | D:6      | Found a staircase to the Ecumenical Temple.
  3895 | Temple   | Entered the Ecumenical Temple
  4185 | Temple   | Became a worshipper of Qazlal Stormbringer
  4271 | D:6      | Reached skill level 8 in Fighting
  4553 | D:6      | Reached * piety under Qazlal
  4689 | D:6      | Found a white marble altar of Elyvilon.
  4968 | D:7      | Reached skill level 9 in Fighting
  5012 | D:7      | Reached XP level 9. HP: 72/83 MP: 6/8
  5211 | D:7      | Got a dull robe
  5222 | D:7      | Identified the +1 robe of Anoom {+Fly rN+ Stlth+} (You found it on level 7 of the Dungeon)
  5472 | D:7      | Found a sparkling altar of Nemelex Xobeh.
  5473 | D:7      | Found a shattered altar of Ashenzari.
  5473 | D:7      | Found a shadowy altar of Dithmenos.
  5475 | D:7      | Found an opulent altar of Gozag.
  5476 | D:7      | Found a sacrificial altar of Ru.
  5616 | D:7      | Noticed Menkaure
  5622 | D:7      | Killed Menkaure
  5622 | D:7      | Reached skill level 10 in Fighting
  5830 | D:8      | Reached ** piety under Qazlal
  5908 | D:8      | Found a deep blue altar of Sif Muna.
  5948 | D:8      | Noticed Prince Ribbit
  5969 | D:8      | Killed Prince Ribbit
  5969 | D:8      | Reached skill level 10 in Axes
  5994 | D:8      | HP: 4/86 [phantom (6)]
  6095 | D:8      | Reached XP level 10. HP: 28/94 MP: 9/9
  6398 | D:8      | Found a deep blue altar of Sif Muna.
  6564 | D:8      | Noticed a centaur warrior
  6575 | D:8      | Killed a centaur warrior
  6575 | D:8      | Reached skill level 11 in Fighting
  6575 | D:8      | Reached skill level 1 in Invocations
  6761 | D:9      | Found a runed door.
  7067 | D:9      | Found a runed door.
  7295 | D:9      | Slain by a troll

Action                   |  1- 3 |  4- 6 |  7- 9 | 10-12 || total
-------------------------+-------+-------+-------+-------++-------
Melee: War axe           |   110 |   125 |   165 |       ||   400
       Battleaxe         |       |       |   126 |    69 ||   195
Evoke: Wand              |       |       |       |     1 ||     1
  Use: Scroll            |     5 |     1 |     5 |       ||    11
       Potion            |     1 |     1 |       |       ||     2
  Eat: Chunk             |     2 |     4 |     6 |     3 ||    15
       Meat ration       |       |       |     1 |       ||     1
